 Seeded DCSS version 0.28-a0-655-g4eb62b627b (webtiles) character file.

Game seed: 20211013 (custom seed)

1120 a11behringer the Basher (level 8, -7/61 HPs)
             Began as a Formicid Fighter on Oct 13, 2021.
             Was a Believer of Wu Jian.
             Mangled by a four-headed hydra (12 damage)
             ... on level 6 of the Dungeon.
             The game lasted 00:18:49 (5027 turns).

a11behringer the Basher (Formicid Fighter)          Turns: 5027, Time: 00:18:51

Health: -7/61      AC:  8    Str: 26      XL:     8   Next: 61%
Magic:  8/8        EV:  8    Int: 12      God:    Wu Jian [**....]
Gold:   207        SH:  4    Dex:  8 (11) Spells: 7/7 levels left

rFire   x . .      SeeInvis +   z - +4 flail of Infinite Pain {spect, Int+4}
rCold   + . .      Faith    .   c - +0 buckler
rNeg    . . .      Spirit   .   m - +0 chain mail
rPois   .          Reflect  .   (helmet unavailable)
rElec   .          Harm     .   e - +0 cloak
rCorr   .          Rampage  .   f - +0 pair of gloves
Will    +....                   (no boots)
Stlth   ..........              (no amulet)
HPRegen 0.20/turn               g - ring of flight
MPRegen 0.11/turn               q - ring of the Jumping Genius {Ice Will+ Str+4}

@: corroded, flying
A: permanent stasis, dig shafts and tunnels, antennae 3, four strong arms
a: Dig, Shaft Self, Renounce Religion, Wall Jump


You were on level 6 of the Dungeon.
You worshipped Wu Jian.
Wu Jian was pleased with you.
You visited 1 branch of the dungeon, and saw 6 of its levels.

You collected 207 gold pieces.

Inventory:

Hand Weapons
 a - a +0 flail
 l - a +1 falchion of electrocution
 n - a +0 morningstar
 z - the +4 flail of Infinite Pain (weapon) {spect, Int+4}
   (You found it on level 5 of the Dungeon)

   When its wielder attacks, the weapon's spirit leaps out and strikes again.
   The spirit shares a part of any damage it takes with its wielder.
   Int:       It affects your intelligence (+4).
Armour
 b - a +0 scale mail
 c - a +0 buckler (worn)
 e - a +0 cloak (worn)
 f - a +0 pair of gloves (worn)
 m - a +0 chain mail (worn)
Jewellery
 g - a ring of flight (left hand)
 k - a +6 ring of dexterity
 q - the ring of the Jumping Genius (right hand) {Ice Will+ Str+4}
   (You found it on level 4 of the Dungeon)

   [ring of ice]

   It enhances your ice magic.
   Str:       It affects your strength (+4).
   rF:        It makes you vulnerable to fire.
   rC:        It protects you from cold.
   Will:      It increases your willpower.
 s - a ring of protection from fire
Wands
 t - a wand of iceblast (12)
Scrolls
 h - 8 scrolls of identify
 o - a scroll of teleportation {unknown}
 p - a scroll of magic mapping {unknown}
 u - a scroll of noise {unknown}
 x - a scroll of amnesia {unknown}
 y - a scroll of enchant weapon {unknown}
 B - a scroll of vulnerability {unknown}
Potions
 d - a potion of might
 i - a potion of ambrosia
 j - a potion of degeneration {unknown}
 r - a potion of brilliance {unknown}
 v - a potion of flight {unknown}
 w - a potion of resistance {unknown}
 A - a potion of haste {unknown}


   Skills:
 + Level 4.7 Fighting
 * Level 8.2 Maces & Flails
 + Level 5.0 Armour
 - Level 0.1 Dodging
 + Level 4.7 Shields


You had 7 spell levels left.
You didn't know any spells.
Your spell library contained the following spells:

 Spells                   Type           Power      Damage    Failure   Level
 Apportation              Tloc           0%         N/A       89%         1
 Sandblast                Erth           0%         2d4       89%         1
 Passwall                 Tmut/Erth      0%         N/A       96%         2
 Slow                     Hex            0%         N/A       96%         2
 Confusing Touch          Hex            0%         N/A       99%         3
 Stone Arrow              Conj/Erth      0%         3d7       99%         3
 Vampiric Draining        Necr           0%         2d6       99%         3
 Flame Wave               Conj/Fire      0%         3d3       100%        4
 Iskenderun's Mystic Bla  Conj/Tloc      0%         2d3       100%        4
 Fireball                 Conj/Fire      0%         3d3       100%        5


Dungeon Overview and Level Annotations

Branches:
Dungeon (6/15)
 Temple: D:4-7

Altars:
Ashenzari
Dithmenos
Qazlal
Wu Jian


Innate Abilities, Weirdness & Mutations

You cannot be hasted, slowed, berserked, paralysed or teleported.
You can dig through walls and to a lower floor.
You have a pair of large antennae on your head. (SInv)
Your four strong arms can wield two-handed weapons with a shield.


Message History

You kill the iguana!
The Council accepts your kill.
The jelly hits your +4 flail of Infinite Pain {spect, Int+4} but does no damage.
The scorpion barely misses your +4 flail of Infinite Pain {spect, Int+4}.
You lunge at the scorpion.
You completely miss the scorpion.
Your +4 flail of Infinite Pain {spect, Int+4} completely misses the scorpion.
The jelly hits you but does no damage. The scorpion closely misses you.
You closely miss the scorpion.
Your +4 flail of Infinite Pain {spect, Int+4} hits the scorpion!
The jelly hits you. The acid corrodes you!
You are splashed with acid!
The scorpion stings you but does no damage.
The four-headed hydra completely misses you.
The four-headed hydra barely misses you. x2
The four-headed hydra bites you.
There is an open door here.
You hit the jelly.
Your hands burn!
The jelly is lightly wounded.
The scorpion closely misses you.
The howler monkey hoots and howls with incredible vigour!
The jelly hits you but does no damage. The four-headed hydra bites you.
The four-headed hydra barely misses you.
The four-headed hydra bites you but does no damage. x2
The scorpion completely misses you.
You hear a shout! x2
You hit the jelly.
Your hands burn!
The jelly is heavily wounded.
You block the jelly's attack. The four-headed hydra bites you! x2
You block the four-headed hydra's attack.
The four-headed hydra bites you!
* * * LOW HITPOINT WARNING * * *
The scorpion stings you but does no damage.
An adder comes into view.
The adder hisses angrily.
You hit the four-headed hydra.
The four-headed hydra is lightly wounded.
Your +4 flail of Infinite Pain {spect, Int+4} hits the four-headed hydra!
The four-headed hydra bites you!
* * * LOW HITPOINT WARNING * * *
The four-headed hydra bites you!
You die...

#.# #.# # #.# #..
.... #.# #.#..#.##
#<# #.#......
####.####.#....#
#........>#....###
#.................
#..S..D@.......#
#....s.(.......#
#....##h##........#
..####..h####........
# {#.{.# {###...###
{#...# { { #..... {
#...# { ....# #...#
.... #...# #.#


You could see a four-headed hydra, a scorpion, a howler monkey, an adder and a
friendly +4 flail of Infinite Pain {spect, Int+4} (summoned).

Vanquished Creatures
  Sigmund (D:4)
  2 ogres (D:5)
  3 scorpions
  A water moccasin skeleton (D:5)
  A wyvern skeleton (D:5)
  A howler monkey (D:5)
  4 quasits (D:5)
  A centaur zombie (D:5)
  A hound (D:4)
  3 iguanas
  An orc wizard (D:5)
  A howler monkey zombie (D:5)
  9 adders
  2 worms (D:2)
  2 dart slugs
  10 orcs
  10 ball pythons
  5 endoplasms
  5 giant cockroaches
  5 goblins
  7 hobgoblins
  7 jackals
  4 quokkas
  5 bats
  2 frilled lizards (D:2)
  7 kobolds
  6 rats
106 creatures vanquished.

Notes
Turn   | Place    | Note
-------+----------+-------------------------------------------
     0 | D:1      | a11behringer the Formicid Fighter began the quest for the
                  | Orb.
     0 | D:1      | Reached XP level 1. HP: 18/18 MP: 1/1
   126 | D:1      | Reached XP level 2. HP: 23/24 MP: 2/2
   557 | D:1      | Reached XP level 3. HP: 29/29 MP: 3/3
  1705 | D:2      | Found a faded altar of an unknown god.
  1721 | D:2      | Reached skill level 3 in Maces & Flails
  1721 | D:2      | Reached XP level 4. HP: 26/37 MP: 4/4
  1752 | D:2      | HP: 1/37 [frozen (1)]
  2290 | D:2      | Prayed at the altar of an unknown god.
  2290 | D:2      | Became a worshipper of the Wu Jian Council
  2290 | D:2      | Reached * piety under Wu Jian
  2470 | D:3      | Found a broken altar of Ashenzari.
  2609 | D:3      | Found a stormy altar of Qazlal.
  3072 | D:4      | Reached XP level 5. HP: 41/42 MP: 5/5
  3227 | D:4      | Reached skill level 4 in Maces & Flails
  3235 | D:4      | Reached XP level 6. HP: 29/48 MP: 6/6
  3464 | D:4      | Noticed Sigmund
  3473 | D:4      | Killed Sigmund
  3474 | D:4      | Reached skill level 5 in Maces & Flails
  3474 | D:4      | Reached XP level 7. HP: 45/54 MP: 7/7
  3475 | D:4      | Identified the ring of the Jumping Genius {Ice Will+ Str+4}
  3746 | D:5      | Entered Level 5 of the Dungeon
  3746 | D:5      | Found a shadowy altar of Dithmenos.
  3804 | D:5      | Reached skill level 6 in Maces & Flails
  3841 | D:5      | Reached ** piety under Wu Jian
  3918 | D:5      | Reached skill level 7 in Maces & Flails
  3918 | D:5      | Reached XP level 8. HP: 21/61 MP: 8/8
  4548 | D:5      | Got the Catalogue of Fiery Orientation
  4708 | D:5      | Identified the +4 flail of Infinite Pain {spect, Int+4}
  4847 | D:5      | Reached skill level 8 in Maces & Flails
  4868 | D:5      | Reached skill level 5 in Armour
  5014 | D:6      | Noticed a four-headed hydra
  5027 | D:6      | Mangled by a four-headed hydra

Illustrated notes

Levels and vault maps discovered:
D:1:      minmay_arrival_arboretum_small, layout_basic, serial_bayou_pond_a,
          chequers_serial_rivers_micro_b, chequers_decorated_corner,
          minmay_distorted
D:2:      layout_basic, ebering_ecumenical_altar_ruins
D:3:      layout_basic, nicolae_ashenzari_skybound,
          mainiacjoe_overflow_surrounded_room
D:4:      layout_cave_pools, uniq_sigmund
D:5:      cheibrodos_quashed, layout_rooms, grunt_dithmenos_smoke_and_mirrors,
          gup_sewer_entry_glass, corexii_checkpoint_b, hangedman_decor_lopped
D:6:      layout_basic, minmay_temple_entry_wispy, minmay_divided_ellipse

Skill      XL: |  1  2  3  4  5  6  7  8 |
---------------+-------------------------+-----
Shields        | 4 |  4.7
Maces & Flails | 3 4 5 7 8 |  8.2
Armour         | 4 5 |  5.0
Fighting       | 4 |  4.7
Dodging        | |  0.1

Action                   |  1- 3 |  4- 6 |  7- 9 || total
-------------------------+-------+-------+-------++-------
Melee: Flail             |   114 |   119 |   144 ||   377
Invok: Whirlwind         |       |    13 |     1 ||    14
       Lunge             |       |     7 |     4 ||    11
 Abil: Dig               |     1 |     1 |     3 ||     5
  Use: Scroll            |       |       |     2 ||     2
Armor: Scale mail        |    79 |    26 |       ||   105
       Chain mail        |       |    28 |   106 ||   134
Dodge: Dodged            |    70 |    64 |    62 ||   196
Block: Buckler           |    39 |    31 |    46 ||   116

Table legend: (Time is in decaauts)
 A = Elapsed time spent in this place.
 B = Non-inter-level travel time spent in this place.
 C = Inter-level travel time spent in this place.
 D = Time resting spent in this place.
 E = Time spent auto-exploring this place.
 F = Levels seen in this place.
 G = Mean time per level.
                   A        B        C        D        E       F      G
               +--------+--------+--------+--------+--------+-----+--------+
         Total |   5086 |   4403 |    683 |      0 |   3390 |   6 |  847.7 |
       Dungeon |   5086 |   4403 |    683 |      0 |   3390 |   6 |  847.7 |
               +--------+--------+--------+--------+--------+-----+--------+

Top non-repeatable levels by time:
     D:1: 1349 daAuts
     D:5: 1259 daAuts
     D:2: 1100 daAuts
     D:4: 691 daAuts
     D:3: 658 daAuts
     D:6: 27 daAuts
